 Dungeon Crawl Stone Soup version 0.18-a0-731-ga019a5f (webtiles) character file.

178 M4edhros the Sneak (level 5, 0/33 HPs)
             Began as an Octopode Artificer on Dec 9, 2015.
             Slain by a quasit (1 damage)
             ... on level 5 of the Dungeon.
             The game lasted 00:02:13 (1122 turns).

M4edhros the Sneak (Octopode Artificer)             Turns: 1122, Time: 00:02:13

Health: 0/33       AC:  1    Str: 11      XL:     5   Next: 58%
Magic:  8/8        EV: 11    Int: 15      God:
Gold:   99         SH:  0    Dex:  3 (12) Spells: 0 memorised, 4 levels left

rFire  . . .     SeeInvis .     a - +0 short sword
rCold  . . .     Clarity  .     (no shield)
rNeg   . . .     SustAt   .     (helmet restricted)
rPois  +         Gourm    .     q - amulet of resist corrosion
rElec  .         Spirit   .     n - ring of poison resistance
rCorr  +         Dismiss  .     (no ring)
rMut   .         Stasis   .     (no ring)
MR     .....                    (no ring)
Stlth  ++++......               (no ring)
                                (no ring)
                                (no ring)
                                (no ring)

@: not resistant to hostile enchantments, stealthy
A: almost no armour, amphibious, 8 rings, constrict 8, camouflage 1, gelatinous
body 1
a: no special abilities


You were on level 5 of the Dungeon.
You were hungry.

You visited 1 branch of the dungeon, and saw 6 of its levels.

You collected 99 gold pieces.

Inventory:

Hand Weapons
 a - a +0 short sword (weapon)
 o - a +0 spear
Missiles
 k - 20 sling bullets
 l - 64 stones (quivered)
Jewellery
 n - a ring of poison resistance (left tentacle)
 q - an amulet of resist corrosion (around mantle)
Wands
 b - a wand of flame (8)
 c - a wand of enslavement (15)
 d - a wand of random effects (11)
Scrolls
 f - a scroll of teleportation {unknown}
 i - a scroll of noise {unknown}
 j - 2 scrolls of blinking {unknown}
 m - 2 scrolls of identify {unknown}
 s - a scroll of enchant armour {unknown}
 u - a scroll of amnesia {unknown}
Potions
 g - a potion of resistance {unknown}
 t - 2 potions of curing {unknown}
Books
 r - a Grand Grimoire

   Spells                             Type                      Level
   a - Monstrous Menagerie            Summoning                    6
   b - Summon Greater Demon           Summoning                    7
   c - Malign Gateway                 Summoning/Translocation      7
   d - Summon Horrible Things         Summoning                    8
Comestibles
 e - 2 bread rations
 h - a beef jerky
 p - 4 fruits


   Skills:
 - Level 1.0 Fighting
 - Level 1.0 Short Blades
 - Level 2.0 Dodging
 + Level 5.3 Stealth
 + Level 5.2 Evocations


You had 4 spell levels left.
You didn't know any spells.

Dungeon Overview and Level Annotations

Branches:
Dungeon (6/15)
 Temple: D:4-7

Altars:
Okawaru
Yredelemnul

Annotations:
D:5 Dowan


Innate Abilities, Weirdness & Mutations

You cannot wear most types of armour.
You are amphibious.
You can wear up to eight rings at the same time.
You can use your tentacles to constrict eight enemies at once.
Your skin changes colour to match your surroundings (Stealth).
Your rubbery body absorbs attacks (AC +1).


Message History

Zapping:
b - a wand of flame (10)
Press: ? - help, Shift-Dir - straight line, f/p - quasit
Aim: a quasit (severely wounded)
The puff of flame hits the quasit.
The quasit resists.
The quasit is almost dead.
This wand has 9 charges left.
The quasit bites you.
* * * LOW HITPOINT WARNING * * *
You feel clumsy. The quasit barely misses you. The quasit claws you.
* * * LOW HITPOINT WARNING * * *
Evoke which item? (* to show all) (? for menu, Esc to quit)
Zapping:
b - a wand of flame (9)
Press: ? - help, Shift-Dir - straight line, f/p - quasit
Aim: a quasit (almost dead)
The puff of flame misses the quasit.
This wand has 8 charges left.
The quasit bites you but does no damage.
The quasit claws you.
* * * LOW HITPOINT WARNING * * *
The quasit claws you.
You die...

### #. #. #. #####
#.##...# #......###
#.......#
#)#####.......#
#..?..@......#
#.######5....###########
#......>.........
#...#############
......# ###.... ##.###
#.#


You could see a quasit.

Vanquished Creatures
  A crimson imp (D:5)
  3 worker ants (D:4)
  A hound (D:4)
  2 adders
  An ooze (D:4)
  A worm (D:4)
  A giant gecko (D:6)
  An orc (D:5)
  2 goblins
  A hobgoblin (D:1)
  A kobold (D:3)
  2 quokkas
  4 bats
  2 giant gecko skeletons (D:4)
  2 giant newts
  A rat (D:3)
26 creatures vanquished.

Notes
Turn   | Place    | Note
--------------------------------------------------------------
     0 | D:1      | M4edhros the Octopode Artificer began the quest for the Orb.
     0 | D:1      | Reached XP level 1. HP: 13/13 MP: 3/3
   354 | D:3      | Reached XP level 2. HP: 18/18 MP: 4/4
   671 | D:4      | Noticed a black bear
   674 | D:4      | Reached skill level 4 in Evocations
   674 | D:4      | Reached XP level 3. HP: 23/23 MP: 4/6
   729 | D:3      | Found an iron altar of Okawaru.
   775 | D:4      | Reached XP level 4. HP: 26/28 MP: 7/7
   913 | D:4      | Reached skill level 5 in Evocations
   913 | D:4      | Reached XP level 5. HP: 29/33 MP: 8/8
   928 | D:4      | You fall through a shaft for 2 floors!
   942 | D:6      | Noticed an ogre
   945 | D:6      | Noticed an ice beast
   945 | D:6      | Reached skill level 5 in Stealth
   949 | D:5      | Entered Level 5 of the Dungeon
   951 | D:5      | Found a basalt altar of Yredelemnul.
  1062 | D:5      | Noticed Dowan
  1122 | D:5      | HP: 1/33 [quasit (2)]
  1122 | D:5      | Slain by a quasit

Vault maps used:
D:1:      erik_arrival_blinker_ship, serial_bayou_pond_c
D:2:      gammafunk_temple_overflow_wave, first_bread
D:3:      okawaru_gym_becter
D:4:      lemuel_round_altar
D:5:      kennysheep_little_box, uniq_duvessa
D:6:      overflow_temple_1_default, minitemple, minmay_temple_entry_trees,
          uniq_sigmund, uniq_pikel, uniq_menkaure

Action                   |  1- 3 |  4- 6 || total
-------------------------+-------+-------++-------
Melee: Short sword       |    25 |    32 ||    57
Evoke: Wand              |     2 |     9 ||    11
 Stab: Sleeping          |     5 |     4 ||     9
       Paralysed         |     3 |       ||     3
